 Dungeon Crawl Stone Soup version 0.27.1-33-g824d729ab1 (webtiles) character file.

Game seed: 2879300933934855452

229156 pkoi the Sensei (level 18, -1/154 HPs)
             Began as a Black Draconian Monk on Dec 30, 2021.
             Was a High Priest of Okawaru.
             Slain by a salamander (14 damage)
             ... on level 4 of the Snake Pit.
             The game lasted 02:01:44 (60914 turns).

pkoi the Sensei (Black Draconian Monk)             Turns: 60914, Time: 02:01:44

Health: -1/154     AC: 22    Str: 16    XL:     18   Next: 72%
Magic:  22/27      EV: 27    Int: 17    God:    Okawaru [*****.]
Gold:   2923       SH:  0    Dex: 28    Spells: 14/29 levels left

rFire    . . .     SeeInvis .     - Unarmed
rCold    + + .     Faith    +   (no shield)
rNeg     + . .     Spirit   .   (armour unavailable)
rPois    +         Reflect  .   s - +2 hat of Ququjygh {rPois}
rElec    +         Harm     .   l - scarf {repulsion}
rCorr    .         Rampage  .   P - +2 pair of gloves {Dex+3}
Will     +....                  u - +2 pair of boots
Stlth    +++++.....             M - amulet of Dishonesty {Faith rPois rN+ Str+2 Dex+4}
HPRegen  0.35/turn              n - +4 ring of protection
MPRegen  0.20/turn              X - ring of Ciriaz {rC++ Dex+6}

@: heroic, finesse-ful, flying, slowed, constricted, repel missiles, very slow
A: breathe lightning, AC +10, unfitting armour, big wings, electricity
resistance, cold-blooded
}: 1/15 runes: decaying
a: Breathe Lightning, Renounce Religion, Heroism, Finesse


You were on level 4 of the Snake Pit.
You worshipped Okawaru.
Okawaru was extremely pleased with you.
You visited 6 branches of the dungeon, and saw 32 of its levels.
You also visited: Gauntlet.

You collected 4275 gold pieces.
You spent 1352 gold pieces at shops.

Inventory:

Hand Weapons
 b - the +6 longbow "Hopnukk" {speed, rF+ Int+3 Dex+4}
   (Okawaru gifted it to you on level 2 of the Orcish Mines)

   Attacks with this weapon are significantly faster.
   Int:       It affects your intelligence (+3).
   Dex:       It affects your dexterity (+4).
   rF:        It protects you from fire.
 x - the +3 longbow of Kismet {venom, Str+3 Int+4}
   (Okawaru gifted it to you on level 1 of the Swamp)

   Any ammunition fired from it poisons the flesh of those it strikes.
   Str:       It affects your strength (+3).
   Int:       It affects your intelligence (+4).
Missiles
 d - 2 throwing nets
 z - 12 curare-tipped darts (quivered)
 A - 911 arrows
Armour
 l - a scarf of repulsion (worn)
 s - the +2 hat of Ququjygh (worn) {rPois}
   (You found it on level 5 of the Dungeon)

   rPois:     It protects you from poison.
 u - a +2 pair of boots (worn)
 P - a +2 pair of gloves of dexterity (worn)
Jewellery
 i - a ring of positive energy
 n - a +4 ring of protection (left hand)
 G - a ring of resist corrosion
 M - the amulet of Dishonesty (around neck) {Faith rPois rN+ Str+2 Dex+4}
   (You found it on level 5 of the Lair of Beasts)

   [amulet of faith]

   It allows you to gain divine favour quickly.
   Str:       It affects your strength (+2).
   Dex:       It affects your dexterity (+4).
   rPois:     It protects you from poison.
   rN:        It protects you from negative energy.
 Q - the ring "Ajuxocvi" {Wiz Will+ Int+3}
   (You found it in a Gauntlet)

   [ring of wizardry]

   It improves your spell success rate.
   Int:       It affects your intelligence (+3).
   Will:      It increases your willpower.
 S - a ring of see invisible
 X - the ring of Ciriaz (right hand) {rC++ Dex+6}
   (You acquired it on level 2 of the Swamp)

   [ring of dexterity]

   Dex:       It affects your dexterity (+6).
   rC:        It greatly protects you from cold.
Wands
 e - a wand of mindburst (16)
 h - a wand of polymorph (24)
 k - a wand of acid (16)
 H - a wand of digging (1)
 K - a wand of iceblast (66)
 L - a wand of paralysis (7)
 T - a wand of flame (53)
Scrolls
 c - a scroll of holy word
 g - a scroll of brand weapon
 m - 3 scrolls of amnesia
 v - 7 scrolls of teleportation
 y - 4 scrolls of enchant weapon
 B - 5 scrolls of blinking
 C - 4 scrolls of enchant armour
 D - 5 scrolls of fog
 E - 5 scrolls of fear
 I - a scroll of silence
 N - 5 scrolls of identify
 O - 2 scrolls of summoning
Potions
 a - 12 potions of curing
 f - a potion of magic
 j - 2 potions of brilliance
 o - 2 potions of berserk rage
 p - 3 potions of ambrosia
 q - 4 potions of might
 r - a potion of cancellation
 w - 6 potions of heal wounds
 F - 4 potions of lignification
 J - 3 potions of haste
 U - a potion of invisibility
 W - 2 potions of resistance
Miscellaneous
 V - a condenser vane


   Skills:
 - Level 12.0(17.0) Fighting
 + Level 11.7(16.7) Bows
 - Level 12.0(17.0) Dodging
 - Level 3.0(8.0) Stealth
 * Level 21.6(26.6) Unarmed Combat
 - Level 6.0 Spellcasting
 + Level 5.9 Hexes
 + Level 7.3 Translocations
 + Level 1.4 Transmutations
 + Level 7.7 Air Magic
 - Level 9.0 Invocations


You had 14 spell levels left.
You knew the following spells:

 Your Spells              Type           Power      Damage    Failure   Level
a - Apportation           Tloc           60%        N/A       1%          1
b - Swiftness             Air            31%        N/A       1%          3
c - Portal Projectile     Hex/Tloc       54%        N/A       2%          3
d - Confusing Touch       Hex            25%        N/A       3%          3
e - Yara's Violent Unrav  Hex/Tmut       8%         3d5       63%         5

Your spell library contained the following spells:

 Spells                   Type           Power      Damage    Failure   Level
 Corona                   Hex            27%        N/A       1%          1
 Slow                     Hex            25%        N/A       1%          2
 Gell's Gravitas          Tloc           15%        N/A       1%          3
 Lesser Beckoning         Tloc           15%        N/A       1%          3
 Teleport Other           Tloc           30%        N/A       1%          3
 Tukima's Dance           Hex            25%        N/A       3%          3
 Corpse Rot               Necr/Air       N/A        N/A       4%          2
 Poisonous Vapours        Pois/Air       36%        N/A       4%          2
 Ensorcelled Hibernation  Hex/Ice        30%        N/A       6%          2
 Passage of Golubria      Tloc           N/A        N/A       6%          4
 Sting                    Tmut/Pois      28%        1d4       10%         1
 Animate Skeleton         Necr           10%        N/A       13%         1
 Magic Dart               Conj           20%        1d4       13%         1
 Pain                     Necr           20%        1d5       13%         1
 Summon Small Mammal      Summ           20%        N/A       13%         1
 Mephitic Cloud           Conj/Pois/Air  13%        N/A       13%         3
 Searing Ray              Conj           10%        3d3       19%         2
 Ignite Poison            Fire/Tmut/Pois 6%         N/A       32%         3
 Call Canine Familiar     Summ           5%         N/A       36%         3
 Conjure Flame            Conj/Fire      5%         6-21      36%         3
 Fulminant Prism          Conj/Hex       7%         3d7       36%         4
 Leda's Liquefaction      Hex/Erth       7%         N/A       36%         4
 Dispel Undead            Necr           5%         3d7       77%         4
 Sticky Flame             Conj/Fire      5%         2d3       77%         4
 Agony                    Necr           5%         N/A       98%         5
 Bolt of Magma            Conj/Fire/Erth 2%         4d4       98%         5
 Borgnjor's Vile Clutch   Necr/Erth      2%         N/A       98%         5
 Excruciating Wounds      Necr           2%         N/A       98%         5
 Iskenderun's Battlesphe  Conj           5%         2d6       98%         5
 Death Channel            Necr           2%         N/A       100%        6
 Iron Shot                Conj/Erth      2%         9d2       100%        6
 Statue Form              Tmut/Erth      4%         N/A       100%        6
 Spellforged Servitor     Conj/Summ      2%         N/A       100%        7
 Animate Armour           Summ/Erth      Unusable   N/A       N/A         4

Dungeon Overview and Level Annotations

Branches:
Dungeon (15/15)            Temple (1/1) D:4            Lair (6/6) D:11
  Swamp (4/4) Lair:2        Snake (4/4) Lair:2        Slime (0/5) Lair:5
    Orc (2/2) D:9             Elf (0/3) Orc:2        Vaults (0/5) D:14
 Depths (0/5) D:15        Gauntlet (visited)

Altars:
Ashenzari
Cheibriados
Dithmenos
Elyvilon
Fedhas
Gozag
Hepliaklqana
Kikubaaqudgha
Makhleb
Nemelex Xobeh
Okawaru
Qazlal
Ru
Sif Muna
Trog
Uskayaw
Vehumet
Wu Jian
Xom
Yredelemnul
Zin
The Shining One
Beogh
Jiyva

Shops:
D:15 :   Orc:1 *   Orc:2 *?*:[   Snake:1 [   Snake:2 [(*   Snake:4 !

Portals:
Pandemonium: Orc:2
Trove: D:12 (show abyssal rune of Zot)

Annotations:
Lair:5 1 runed translucent door
Lair:6 exclusion: 4 oklob plants
Swamp:2 3 runed translucent doors, dnasty's ghost, adept SpCj


Innate Abilities, Weirdness & Mutations

You can breathe wild blasts of lightning.
Your glossy black scales are hard. (AC +10)
You cannot fit into any form of body armour.
Your large and strong wings let you fly.
You are resistant to electric shocks. (rElec)
You are cold-blooded and may be slowed by cold attacks.


Message History

* * * LOW HITPOINT WARNING * * *
The salamander misses you. The naga misses you. x2
The salamander hits you with a +2 halberd!
* * * LOW HITPOINT WARNING * * *
You are engulfed in flames!
* * * LOW HITPOINT WARNING * * *
The salamander closely misses you.
The salamander unwields a +0 shortbow of flaming.
It stops flaming.
The salamander barely misses you. The salamander closely misses you.
The naga misses you. x2
The salamander barely misses you. The naga completely misses you.
The naga grabs you. The naga constricts you.
* * * LOW HITPOINT WARNING * * *
You see here an arrow.
You punch the salamander! You punch the salamander.
The salamander is severely wounded.
The naga no longer looks unusually strong.
The salamander misses you.
Unknown command.
You punch the salamander!
Your tail-slap misses the salamander.
The salamander is almost dead.
The salamander completely misses you. The salamander misses you.
The naga completely misses you.
Unknown command.
You hit the salamander.
You kill the salamander!
Okawaru accepts your kill. The naga spits poison at you.
The splash of poison hits you but does no damage.
You resist. The naga constricts you.
* * * LOW HITPOINT WARNING * * *
The salamander hits you with a +2 halberd!
* * * LOW HITPOINT WARNING * * *
You are engulfed in flames!
* * * LOW HITPOINT WARNING * * *
The salamander hits you with a +0 trident!
* * * LOW HITPOINT WARNING * * *
You are engulfed in flames!
You die...

#......#
##....^.##
#......((##
#.......(.
#.......#
#.......#
##....N.N#
.##......N@N#
#........N))#
.##.........(.#
.............##
.............#
.............#
.............##
..............#
#.............###


You could see 3 salamanders and 2 nagas.

Vanquished Creatures
  Vashnia (Snake:2)
  Saint Roka (Snake:4)
  Nikola (Snake:3)
  Jorgrun (D:15)
  A tentacled monstrosity (Swamp:3)
  Asterion (Snake:2)
  Kirke (D:14)
  A thorn hunter (Swamp:4)
  2 nagarajas
  Roxanne (Snake:4)
  Aizul (Snake:2)
  Louise (D:15)
  A minotaur (Gauntlet)
  2 bunyips
  4 eleionomae
  Josephine (Orc:2)
  A shambling mangrove (Swamp:3)
  Fannar (D:10)
  7 vault guards (D:14)
  5 salamander tyrants (Snake:4)
  13 naga warriors
  28 hydras
  A spriggan air mage (Swamp:2)
  3 boulder beetles
  8 alligators
  3 catoblepae
  A death knight (D:15)
  13 anacondas
  3 centaur warriors
  3 two-headed ogres
  A deep troll shaman (Lair:6)
  21 death yaks
  12 naga sharpshooters
  6 shock serpents
  Nergalle (D:12)
  5 orc high priests (Orc:2)
  Sonja (D:12)
  2 salamander mystics
  2 skeletal warriors (D:15)
  7 goliath frogs
  A glowing orange brain (D:15)
  A fire crab (Gauntlet)
  A sea snake (Snake:3)
  3 spriggan druids
  11 swamp dragons
  A wizard (D:14)
  2 gelid demonspawn (Orc:2)
  7 bog bodies
  A lindwurm (Lair:6)
  8 orc knights
  9 naga ritualists
  8 orc sorcerers (Orc:2)
  10 mana vipers
  A manticore (D:15)
  25 salamanders
  5 ugly things
  3 cyclopes
  3 will-o-the-wisps
  A deep elf pyromancer (D:14)
  39 black mambas
  An elephant (shapeshifter) (D:15)
  16 elephants (Lair:6)
  7 guardian serpents (Snake:4)
  13 cane toads
  12 naga magi
  A rust devil (Orc:2)
  An unseen horror (D:12)
  An orange demon (Orc:2)
  8 komodo dragons
  A rime drake (shapeshifter) (D:15)
  2 hellwings (Orc:2)
  A rime drake (Lair:6)
  An ice devil (Orc:2)
  5 trolls
  4 bloated husks
  12 tyrant leeches
  5 polar bears
  5 hornets
  6 dream sheep
  17 slime creatures
  A shadow (D:12)
  9 wraiths
  A water elemental (D:15)
  5 spriggans
  4 fire bats (Gauntlet)
  10 basilisks
  5 hogs (D:14)
  A neqoxec (Orc:2)
  6 wyverns
  A basilisk (shapeshifter) (D:14)
  56 yaks
  2 steam dragons
  18 swamp worms
  38 nagas
  4 wargs
  2 acid dragons (D:9)
  18 water moccasins
  8 swamp drakes
  A hornet zombie (D:8)
  2 ice beasts
  2 sky beasts
  34 orc warriors
  2 black bears
  2 necrophages
  4 boggarts (D:14)
  21 wolves
  8 ogres
  9 centaurs
  4 kobold brigands
  A gnoll sergeant (D:6)
  19 bullfrogs
  2 scorpions
  6 killer bees
  8 howler monkeys
  2 electric eels (Snake:3)
  3 lava snakes
  3 centaur zombies
  A bullfrog zombie (D:5)
  2 hounds
  A centaur skeleton (D:6)
  3 jellies
  2 gnoll shamans
  A bullfrog skeleton (D:5)
  22 orc priests
  Jessica (D:2)
  4 iguanas
  A scorpion zombie (D:5)
  31 orc wizards
  A killer bee zombie (D:9)
  Robin (D:2)
  17 gnolls
  3 howler monkey zombies
  8 adders
  2 white imps
  6 dart slugs
  93 orcs
  2 endoplasms
  2 giant cockroaches
  14 goblins
  9 hobgoblins
  8 kobolds
  6 quokkas
  7 ball pythons
  4 bats
  5 frilled lizards
  22 rats
1029 creatures vanquished.

Vanquished Creatures (others)
  A naga (Snake:3)
  An orc (D:9)
  A bush (Lair:6)
  6 foxfires (Swamp:3)
  34 fungi
  75 plants
118 creatures vanquished.

Grand Total: 1147 creatures vanquished

Notes
Turn   | Place    | Note
-------+----------+-------------------------------------------
     0 | D:1      | pkoi the Draconian Monk began the quest for the Orb.
     0 | D:1      | Reached XP level 1. HP: 19/19 MP: 1/1
   261 | D:1      | Found a faded altar of an unknown god.
   616 | D:1      | Reached XP level 2. HP: 26/26 MP: 2/2
  1045 | D:2      | Reached skill level 4 in Unarmed Combat
  1226 | D:2      | Noticed Jessica
  1226 | D:2      | Noticed a scorpion
  1263 | D:2      | Reached XP level 3. HP: 29/31 MP: 3/3
  1288 | D:2      | Killed a scorpion
  1289 | D:2      | Reached skill level 5 in Unarmed Combat
  1289 | D:2      | Reached XP level 4. HP: 27/38 MP: 4/4
  1815 | D:2      | Reached XP level 5. HP: 43/44 MP: 5/5
  1920 | D:2      | Killed Jessica
  1921 | D:2      | Reached skill level 6 in Unarmed Combat
  2165 | D:2      | Noticed Robin
  2204 | D:2      | Killed Robin
  2863 | D:3      | Found an iron altar of Okawaru.
  2871 | D:3      | Became a worshipper of Warmaster Okawaru
  2871 | D:3      | Reached * piety under Okawaru
  2871 | D:3      | Reached ** piety under Okawaru
  3186 | D:3      | Found a shimmering blue altar of Sif Muna.
  3729 | D:4      | Found a runed translucent door.
  3729 | D:4      | Noticed a human
  3761 | D:4      | Found a staircase to the Ecumenical Temple.
  3823 | D:4      | Reached XP level 6. HP: 47/51 MP: 6/6
  3855 | Temple   | Entered the Ecumenical Temple
  4335 | D:4      | Found a basalt altar of Yredelemnul.
  4916 | D:5      | Entered Level 5 of the Dungeon
  4939 | D:5      | Reached skill level 7 in Unarmed Combat
  4949 | D:5      | Noticed a sky beast
  5182 | D:5      | Killed a sky beast
  5470 | D:4      | Your scales start taking on a glossy black colour.
  5470 | D:4      | Reached XP level 7. HP: 40/57 MP: 7/7
  5470 | D:4      | Gained mutation: You are resistant to electric shocks.
                  | (rElec) [Black Draconian growth]
  5777 | D:5      | Reached skill level 8 in Unarmed Combat
  5898 | D:5      | Identified the +2 hat of Ququjygh {rPois}
  6271 | D:5      | Reached *** piety under Okawaru
  6923 | D:4      | Reached skill level 9 in Unarmed Combat
  6923 | D:4      | Reached XP level 8. HP: 48/63 MP: 5/8
  7151 | D:6      | Reached skill level 5 in Dodging
  7348 | D:6      | Found a stormy altar of Qazlal.
  7943 | D:6      | Reached skill level 10 in Unarmed Combat
  8261 | D:7      | Found a glowing golden altar of the Shining One.
  8266 | D:7      | Found a sparkling altar of Nemelex Xobeh.
  8647 | D:7      | Reached **** piety under Okawaru
  8677 | D:7      | Reached XP level 9. HP: 15/70 MP: 6/9
  9908 | D:8      | Reached skill level 1 in Bows
 10031 | D:8      | Found an ancient bone altar of Kikubaaqudgha.
 10205 | D:8      | Reached skill level 11 in Unarmed Combat
 10716 | D:8      | Noticed a four-headed hydra
 10733 | D:8      | Killed a four-headed hydra
 10733 | D:8      | Received a gift from Okawaru
 11953 | D:9      | Reached XP level 10. HP: 65/77 MP: 7/10
 12015 | D:8      | Reached skill level 12 in Unarmed Combat
 12188 | D:9      | Reached ***** piety under Okawaru
 12730 | D:9      | Reached skill level 1 in Invocations
 12772 | D:9      | Received a gift from Okawaru
 13351 | D:9      | Noticed a two-headed hydra
 13365 | D:9      | Killed a two-headed hydra
 13613 | D:9      | Found a staircase to the Orcish Mines.
 13645 | D:9      | Reached skill level 13 in Unarmed Combat
 13649 | D:9      | Reached skill level 5 in Bows
 13813 | D:10     | Entered Level 10 of the Dungeon
 13984 | D:10     | Noticed a two-headed ogre
 14100 | D:10     | Reached XP level 11. HP: 78/84 MP: 12/14
 14191 | D:10     | Killed a two-headed ogre
 14756 | D:10     | Noticed Fannar
 14947 | D:10     | Killed Fannar
 14947 | D:10     | Received a gift from Okawaru
 14948 | D:10     | Reached skill level 5 in Invocations
 16183 | D:11     | Noticed a cyan ugly thing
 16197 | D:11     | Killed a cyan ugly thing
 16198 | D:11     | Reached skill level 14 in Unarmed Combat
 16492 | D:11     | Found a staircase to the Lair.
 16966 | D:11     | Received a gift from Okawaru
 17349 | D:11     | Reached XP level 12. HP: 45/91 MP: 15/17
 17369 | D:11     | Reached skill level 15 in Unarmed Combat
 17972 | D:11     | Identified the +7 long sword of Mukonn {vorpal, rF- rC+
                  | rN+}
 18013 | Lair:1   | Entered Level 1 of the Lair of Beasts
 18496 | Lair:1   | Received a gift from Okawaru
 19673 | Lair:2   | Received a gift from Okawaru
 20199 | Lair:2   | Found a staircase to the Swamp.
 20309 | Lair:2   | Found a staircase to the Snake Pit.
 20792 | Lair:2   | Noticed a five-headed hydra
 20805 | Lair:2   | Killed a five-headed hydra
 21160 | Lair:3   | Reached skill level 16 in Unarmed Combat
 21560 | Lair:3   | Noticed a catoblepas
 21585 | Lair:3   | Killed a catoblepas
 21626 | Lair:3   | Noticed a seven-headed hydra
 21632 | Lair:3   | Killed a seven-headed hydra
 22193 | Lair:3   | Noticed a death yak
 22193 | Lair:3   | Noticed a death yak
 22772 | Lair:4   | Reached XP level 13. HP: 96/96 MP: 19/19
 23279 | Lair:4   | Identified the +4 great sword of the Rattlesnake {vorpal,
                  | *Rage Str+4 Stlth+}
 23459 | Lair:4   | Learned a level 1 spell: Apportation
 23871 | Lair:3   | Received a gift from Okawaru
 24250 | Lair:5   | Identified the amulet of Dishonesty {Faith rPois rN+ Str+2
                  | Dex+4}
 24424 | Lair:5   | Reached skill level 5 in Fighting
 25063 | Lair:5   | Received a gift from Okawaru
 25881 | Lair:5   | Reached skill level 17 in Unarmed Combat
 26211 | Lair:5   | Found a runed translucent door.
 26211 | Lair:5   | Found a viscous altar of Jiyva.
 26211 | Lair:5   | Noticed an azure jelly
 26213 | Lair:5   | Noticed an azure jelly
 26215 | Lair:5   | Found a staircase to the Slime Pits.
 26216 | Lair:5   | Noticed an azure jelly
 26443 | Lair:6   | Entered Level 6 of the Lair of Beasts
 27402 | Lair:6   | Received a gift from Okawaru
 27878 | Lair:6   | Gained mutation: Your large and strong wings let you fly.
                  | [Black Draconian growth]
 27878 | Lair:6   | Reached XP level 14. HP: 105/111 MP: 18/20
 29361 | Lair:6   | Identified the +3 helmet of Fedhas's Whim {+Blink Will+}
 29613 | Lair:6   | Reached skill level 18 in Unarmed Combat
 29781 | Lair:6   | Received a gift from Okawaru
 30116 | Lair:6   | Received a gift from Okawaru
 30161 | Lair:6   | Identified the ring of the Middle {Fire +Blink Fly Dex+3}
 31210 | D:12     | Noticed Sonja
 31227 | D:12     | Killed Sonja
 31255 | D:12     | Received a gift from Okawaru
 31436 | D:12     | Noticed Nergalle
 31458 | D:12     | Killed Nergalle
 31874 | D:12     | Found a portal to a secret trove of treasure.
 32153 | D:13     | Reached skill level 10 in Dodging
 32179 | D:13     | Received a gift from Okawaru
 32413 | D:13     | Found a gate leading to a gauntlet.
 32427 | Gauntlet | Entered a Gauntlet
 32427 | Gauntlet | Found a transporter.
 32437 | Gauntlet | Found a transporter.
 32452 | Gauntlet | Found a transporter.
 32457 | Gauntlet | Found a transporter.
 32477 | Gauntlet | Found a transporter.
 32491 | Gauntlet | Found a transporter.
 32503 | Gauntlet | Found a transporter.
 32512 | Gauntlet | Noticed a quicksilver ooze
 32515 | Gauntlet | Found a transporter.
 32533 | Gauntlet | Noticed a cacodemon
 32534 | Gauntlet | Found a transporter.
 32546 | Gauntlet | Found a transporter.
 32570 | Gauntlet | Found a transporter.
 32587 | Gauntlet | Found a transporter.
 32591 | Gauntlet | Found a transporter.
 32619 | Gauntlet | Found a transporter.
 32637 | Gauntlet | Found a transporter.
 32639 | Gauntlet | Found a transporter.
 32717 | Gauntlet | Found a transporter.
 32749 | Gauntlet | Found a transporter.
 33084 | Gauntlet | Identified the ring "Ajuxocvi" {Wiz Will+ Int+3}
 33173 | Gauntlet | Identified the +7 halberd "Pirugise" {drain, +Blink}
 33200 | Gauntlet | Identified the +6 rapier "Hedoxoce" {freeze, rElec rC+
                  | SInv}
 33873 | D:14     | You are sucked into a shaft and drop 1 floor!
 33873 | D:15     | Entered Level 15 of the Dungeon
 34058 | D:15     | Noticed Jorgrun
 34607 | D:15     | Found Nappil's Book Shop.
 34616 | D:15     | Bought the Compendium of Air and Poison for 416 gold pieces
 34620 | D:15     | Learned a level 3 spell: Swiftness
 34663 | D:15     | Reached XP level 15. HP: 64/124 MP: 13/21
 34663 | D:15     | Noticed Louise
 34682 | D:15     | HP: 2/124 [boulder beetle (19)]
 35079 | D:15     | Received a gift from Okawaru
 35086 | D:15     | Reached skill level 1 in Translocations
 35088 | D:15     | Reached skill level 1 in Spellcasting
 35312 | D:15     | Killed Jorgrun
 35380 | D:15     | Killed Louise
 35805 | D:14     | Received a gift from Okawaru
 36662 | Snake:1  | Entered Level 1 of the Snake Pit
 36670 | Snake:1  | Reached skill level 19 in Unarmed Combat
 36740 | Snake:1  | Found Roxtyekh's Antique Armour Boutique.
 36757 | Snake:1  | Bought a pair of embroidered boots for 210 gold pieces
 36806 | Snake:1  | Reached skill level 1 in Air Magic
 36931 | Snake:1  | Received a gift from Okawaru
 37459 | Snake:1  | Identified the +1 robe of Autotheism {Fly}
 37850 | Swamp:1  | Entered Level 1 of the Swamp
 38198 | Orc:1    | Entered Level 1 of the Orcish Mines
 38210 | D:9      | Reached skill level 10 in Fighting
 38878 | Orc:2    | Entered Level 2 of the Orcish Mines
 39067 | Orc:1    | Found Gioq Ruv's Assorted Antiques.
 39140 | Orc:1    | Bought a scroll labelled WIGHO ROMY for 28 gold pieces
 39393 | Orc:2    | Found Ynikh's Assorted Antiques.
 39570 | Orc:2    | Noticed Josephine
 39584 | Orc:2    | Killed Josephine
 39584 | Orc:2    | Identified the +6 longbow "Hopnukk" {speed, rF+ Int+3
                  | Dex+4} (Okawaru gifted it to you on level 2 of the Orcish
                  | Mines)
 39584 | Orc:2    | Received a gift from Okawaru
 39746 | Orc:2    | Found a staircase to the Elven Halls.
 40455 | Orc:2    | Found Jeucvo's General Store.
 40480 | Orc:2    | Found Caon's Magic Scroll Shop.
 40567 | Orc:2    | Bought 2 scrolls of teleportation for 96 gold pieces
 41164 | Orc:2    | Received a gift from Okawaru
 41865 | Orc:2    | Found Yclaton's Book Shoppe.
 41865 | Orc:2    | Found Raemiska's Antique Armour Emporium.
 41866 | Orc:2    | Found a one-way gate leading to the halls of Pandemonium.
 41873 | Orc:2    | Received a gift from Okawaru
 41882 | Orc:2    | Bought a pair of fine gloves for 247 gold pieces
 41882 | Orc:2    | Identified the -1 pair of gloves of the Stars {Int+4} (You
                  | bought it in a shop on level 2 of the Orcish Mines)
 41883 | Orc:2    | Bought a pair of glowing boots for 195 gold pieces
 42301 | D:14     | Noticed Kirke
 42351 | D:14     | Learned a level 3 spell: Portal Projectile
 42420 | D:14     | Killed Kirke
 42421 | D:14     | Reached XP level 16. HP: 135/135 MP: 19/22
 42831 | D:14     | Found a gate to the Vaults.
 42890 | D:14     | Reached skill level 1 in Hexes
 44476 | D:15     | Found a staircase to the Depths.
 45325 | Snake:1  | Received a gift from Okawaru
 46509 | Snake:2  | Reached skill level 5 in Spellcasting
 46652 | Snake:2  | Got the Incunabulum of the Dusty Compass
 46747 | Snake:2  | Received a gift from Okawaru
 46901 | Snake:2  | Reached skill level 20 in Unarmed Combat
 46923 | Snake:2  | Found Jylit's Assorted Antiques.
 46966 | Snake:2  | Received a gift from Okawaru
 47198 | Snake:2  | Found Imyp's Weapon Boutique.
 47201 | Snake:2  | Found Oxtui's Armour Shop.
 47500 | Snake:2  | Noticed Aizul
 47504 | Snake:2  | Noticed Asterion
 47516 | Snake:2  | Killed Aizul
 47516 | Snake:2  | Received a gift from Okawaru
 48524 | Swamp:1  | Reached skill level 5 in Translocations
 48579 | Swamp:1  | Identified the +3 longbow of Kismet {venom, Str+3 Int+4}
                  | (Okawaru gifted it to you on level 1 of the Swamp)
 48579 | Swamp:1  | Received a gift from Okawaru
 48796 | Swamp:1  | Reached skill level 10 in Bows
 49419 | Swamp:2  | Reached XP level 17. HP: 144/144 MP: 25/25
 49455 | Swamp:2  | Received a gift from Okawaru
 49915 | Swamp:2  | Found a runed translucent gate.
 49965 | Swamp:2  | Received a gift from Okawaru
 50016 | Swamp:2  | Received a gift from Okawaru
 50387 | Swamp:2  | Received a gift from Okawaru
 50526 | Swamp:2  | Identified a scroll of acquirement
 50751 | Orc:2    | Bought a scroll of identify for 32 gold pieces
 50751 | Orc:2    | Bought a scroll of identify for 32 gold pieces
 50751 | Orc:2    | Bought a scroll of teleportation for 48 gold pieces
 50751 | Orc:2    | Bought a scroll of teleportation for 48 gold pieces
 50752 | Orc:2    | Acquired the ring of Ciriaz {rC++ Dex+6}
 51342 | Swamp:2  | Found a runed translucent gate.
 51342 | Swamp:2  | Found a runed translucent gate.
 51344 | Swamp:2  | Noticed dnasty's ghost (adept SpCj)
 52523 | Swamp:3  | Received a gift from Okawaru
 52755 | Swamp:3  | Noticed a tentacled monstrosity
 52763 | Swamp:3  | Killed a tentacled monstrosity
 53050 | Snake:2  | Identified the +6 dagger "Nelarix" {flame, rElec rF- Will-
                  | Str+9}
 53475 | Snake:2  | Reached ****** piety under Okawaru
 53492 | Snake:2  | Noticed Vashnia
 53529 | Snake:2  | Killed Vashnia
 53529 | Snake:2  | Received a gift from Okawaru
 54027 | Snake:2  | Killed Asterion
 54133 | Snake:2  | Learned a level 3 spell: Confusing Touch
 54448 | Snake:3  | Noticed Nikola
 54473 | Snake:3  | Killed Nikola
 54474 | Snake:3  | Reached skill level 5 in Air Magic
 54670 | Snake:3  | Received a gift from Okawaru
 54671 | Snake:3  | Reached skill level 21 in Unarmed Combat
 54945 | Snake:3  | Received a gift from Okawaru
 55137 | Snake:3  | Acquired 1174 gold pieces
 55856 | Snake:4  | Entered Level 4 of the Snake Pit
 55890 | Snake:4  | Found Ydesmon's Distillery.
 56083 | Snake:4  | Received a gift from Okawaru
 56245 | Snake:4  | Reached XP level 18. HP: 150/154 MP: 27/27
 56280 | Snake:4  | Received a gift from Okawaru
 57246 | Snake:4  | Noticed Saint Roka
 57895 | Swamp:4  | Entered Level 4 of the Swamp
 58339 | Swamp:4  | Reached skill level 5 in Hexes
 58520 | Swamp:4  | Received a gift from Okawaru
 58746 | Swamp:4  | Got a decaying rune of Zot
 59336 | Snake:4  | Noticed Roxanne
 59352 | Snake:4  | Killed Roxanne
 59612 | Snake:4  | Killed Saint Roka
 59803 | Snake:4  | Learned a level 5 spell: Yara's Violent Unravelling
 60247 | Snake:4  | Reached skill level 1 in Transmutations
 60905 | Snake:4  | Received a gift from Okawaru
 60914 | Snake:4  | Slain by a salamander

Illustrated notes

Levels and vault maps discovered:
D:1:      saegor_arrival_simple_d, layout_loops_ring,
          ebering_ecumenical_altar_sacrificial, nrook_loot_triangle,
          minivault_23, st_stairs_5, minmay_misc_feat_columns
D:2:      layout_basic, chequers_decorated_corner, minmay_rat_hole,
          uniq_jessica, uniq_robin
D:3:      layout_loops_ring, old_standard_altar, nicolae_overflow_crystal_walls,
          guppyfry_early_orc_mine
D:4:      layout_loops_corners, dk_yredelemnul_ordeal,
          minmay_temple_entry_arrows
D:5:      layout_rooms
D:6:      layout_basic, mainiacjoe_overflow_cross_hatched
D:7:      layout_basic, minitemple
D:8:      layout_cave_pods, tgw_kikubaaqudgha, minivault_23
D:9:      layout_gridville, david_orc_2, minmay_misc_feat_x, hangedman_ranch
D:10:     layout_big_octagon, uniq_fannar
D:11:     layout_long_grid, minmay_lair_entry_grove,
          portal_ice_cave_entry_pillars_2
D:12:     layout_irregular_city, trove_entry_hex_spiral, serial_bayou_pond_e,
          uniq_nergalle, uniq_sonja
D:13:     layout_irregular_city, gauntlet_entry_generic
D:14:     layout_basic, erik_vaults_2, chequers_jeans, serial_bayou_crossing,
          uniq_kirke
D:15:     gammafunk_enter_depths_forms, layout_rooms, nicolae_lava_and_water,
          serial_shops, shop, uniq_jorgrun, uniq_louise
Temple:   regret_index_temple_waves
Lair:1:   layout_loops_ring, grunt_megastairs_4
Lair:2:   layout_hall_layers, swamp_mist, minmay_snake_entry_guardpost_medium,
          hibernation_bobbens
Lair:3:   layout_roguey, grunt_megastairs_3
Lair:4:   layout_cellular_growth
Lair:5:   layout_layer_cave, slime_altar_2, beast_lair_carwin_1
Lair:6:   grunt_lair_end_beastmaster, layout_small_grid,
          infiniplex_staircase_pool, minmay_lair_oklob_chamber,
          lemuel_fruit_tree
Swamp:1:  nicolae_swamp_ascending_descending, layout_basic_swamp,
          serial_swamp_ruin, evilmike_swamp_ruin_house_2,
          evilmike_swamp_ruin_house_3
Swamp:2:  layout_basic_swamp, gammafunk_ghost_hydra_chop,
          evilmike_swamp_ruin_house_6, infiniplex_staircase_pool_2
Swamp:3:  layout_basic_swamp, evilmike_swamp_ruin_house_1
Swamp:4:  swamp_alternative, layout_basic_swamp
Snake:1:  layout_misc_corridors, serial_shops, shop, grunt_megastairs_1
Snake:2:  layout_misc_corridors, minmay_shop_star, grunt_megastairs_2,
          uniq_aizul, uniq_asterion, uniq_vashnia
Snake:3:  layout_honeycomb, serial_bayou_ford_a, uniq_nikola
Snake:4:  hellmonk_snake_rune_quicksilver_temple, layout_cave_shapes,
          serial_shops, nicolae_shop_stone, nicolae_snake_salamander_zone,
          uniq_roxanne, uniq_saint_roka
Orc:1:    layout_caves, basic_altar, serial_shops, nicolae_shop_crystal
Orc:2:    pf_orc_diabolical, layout_diamond_mine, serial_shops,
          nicolae_shop_trees, uniq_josephine

Skill      XL: |  1  2  3  4  5  6  7  8  9 10 11 12 13 14 15 16 17 18 |
---------------+-------------------------------------------------------+-----
Unarmed Combat | 4 5 6 7 9 10 11 13 14 16 17 18 19 20 21 | 21.6
Dodging        | 3 4 6 7 8 10 11 12 | 12.0
Bows           | 3 5 6 7 8 9 10 11 | 11.7
Fighting       | 4 6 9 10 11 12 | 12.0
Invocations    | 4 7 9 |  9.0
Translocations | 3 5 7 |  7.3
Spellcasting   | 4 5 6 |  6.0
Air Magic      | 4 5 7 |  7.7
Hexes          | 3 4 5 |  5.9
Stealth        | 3 |  3.0
Transmutations | 1 |  1.4

Action                   |  1- 3 |  4- 6 |  7- 9 | 10-12 | 13-15 | 16-18 || total
-------------------------+-------+-------+-------+-------+-------+-------++-------
Melee: Unarmed           |    50 |   285 |   313 |   655 |  1155 |   850 ||  3308
       Tailslap          |     3 |    45 |    39 |    90 |   257 |   190 ||   624
       Punch             |       |     9 |    17 |    52 |   165 |   141 ||   384
 Fire: Shortbow          |       |       |    12 |       |       |       ||    12
       Longbow           |       |       |       |   158 |   498 |  1131 ||  1787
Throw: Dart              |       |    18 |    68 |    31 |       |     7 ||   124
       Throwing net      |       |       |       |       |       |     3 ||     3
 Cast: Swiftness         |       |       |       |       |     1 |     1 ||     2
       Apportation       |       |       |       |       |       |     6 ||     6
       Confusing Touch   |       |       |       |       |       |     2 ||     2
Invok: Heroism           |       |       |    13 |    31 |    48 |    34 ||   126
       Finesse           |       |       |       |     7 |    11 |    10 ||    28
 Abil: Breathe Lightning |       |       |     2 |     5 |     4 |       ||    11
  Use: Potion            |     2 |     1 |     1 |       |     1 |       ||     5
       Scroll            |     1 |       |    14 |     5 |     7 |    11 ||    38
 Stab: Sleeping          |     1 |    10 |       |     1 |     2 |     1 ||    15
       Distracted        |       |       |       |       |       |     1 ||     1
Armor: Skin              |    13 |    70 |   102 |   149 |   202 |   199 ||   735
Dodge: Dodged            |    40 |   144 |   208 |   470 |   836 |   884 ||  2582
       Repelled          |       |     1 |       |     1 |    12 |    27 ||    41
